 Dungeon Crawl Stone Soup version 0.25.1-2-g60ff931df9 (webtiles) character file.

Game seed: 17332103029174588133

22406 Curus the Spear-Bearer (level 13, 0/107 HPs)
             Began as a Merfolk Gladiator on Nov 5, 2020.
             Was a High Priest of Yredelemnul.
             Slain by a wolf (9 damage)
             ... on level 3 of the Lair of Beasts on Nov 6, 2020.
             The game lasted 01:30:04 (16358 turns).

Curus the Spear-Bearer (Merfolk Gladiator)         Turns: 16358, Time: 01:30:05

Health: 0/107      AC: 13    Str: 15    XL:     13   Next: 0%
Magic:  19/19      EV: 23    Int:  8    God:    Yredelemnul [*****.]
Gold:   1002       SH:  0    Dex: 19    Spells: 12/12 levels left

rFire    . . .     SeeInvis .   a - +0 trident (flame)
rCold    . . .     Gourm    .   (no shield)
rNeg     . . .     Faith    .   v - +2 troll leather armour
rPois    .         Spirit   .   c - +1 helmet
rElec    .         Reflect  .   A - +1 cloak {MR+}
rCorr    +         Harm     .   e - +2 pair of gloves
MR       +....     Clarity  +   y - +1 pair of boots
Stlth    ++........             (no amulet)
HPRegen  0.67/turn              z - ring of stealth
MPRegen  0.16/turn              G - ring of resist corrosion

@: no status effects
A: change form in water, swift swim, stealthy swim, clarity, deformed body, wild
magic 1
a: Recall Undead Slaves, Injury Mirror, Animate Dead, Drain Life, Enslave Soul,
Renounce Religion


You were on level 3 of the Lair of Beasts.
You worshipped Yredelemnul.
Yredelemnul was extremely pleased with you.
You were not hungry.

You visited 3 branches of the dungeon, and saw 16 of its levels.
You also visited: Bailey.

You collected 1002 gold pieces.

Inventory:

Hand Weapons
 a - a +0 trident of flaming (weapon)
 w - the +8 spear of Lust {holy, *Drain +Inv Str+4 Stlth+}
   (You found it in a bailey)

   It has been blessed by the Shining One to cause great damage to the undead
   and demons.
   It affects your strength (+4).
   It lets you turn invisible.
   It causes draining when unequipped.
   It makes you more stealthy.
   Yredelemnul disapproves of the use of such an item.
 C - the cursed +0 halberd of Wolubel {holy, rN+ MP+9, unknown}
   (You found it on level 3 of the Lair of Beasts)

   It has been blessed by the Shining One to cause great damage to the undead
   and demons.
   It protects you from negative energy.
   It affects your magic capacity (+9).
   It has a curse placed upon it.
   Yredelemnul disapproves of the use of such an item.
Missiles
 d - 5 throwing nets (quivered)
Armour
 b - a +1 leather armour
 c - a +1 helmet (worn)
 e - a +2 pair of gloves (worn)
 k - the +4 scale mail of Eternity {*Corrode rElec Dex+7 Stlth+}
   (You found it on level 8 of the Dungeon)

   It affects your dexterity (+7).
   It insulates you from electricity.
   It may corrode you when you take damage.
   It makes you more stealthy.
 v - a +2 troll leather armour (worn)
 x - a +0 cloak
 y - a +1 pair of boots (worn)
 A - a +1 cloak of magic resistance (worn)
Jewellery
 j - an uncursed ring of ice
 z - a ring of stealth (left hand)
 D - an uncursed ring of attention
 G - a ring of resist corrosion (right hand)
Wands
 g - a wand of acid (2)
 p - a wand of random effects (13)
 q - a wand of flame (19)
 r - a wand of iceblast (1)
 E - a wand of clouds (4)
Scrolls
 h - a scroll of blinking
 i - 12 scrolls of identify
 l - 4 scrolls of teleportation
 n - 5 scrolls of remove curse
 F - 3 scrolls of amnesia
Potions
 m - 4 potions of flight
 o - a potion of haste
 s - 2 potions of curing
 t - 3 potions of stabbing
 u - a potion of ambrosia
 B - 3 potions of brilliance
Comestibles
 f - 23 rations
 H - 10 chunks of flesh


   Skills:
 - Level 11.9 Fighting
 - Level 14.0 Polearms
 - Level 2.0 Throwing
 - Level 14.0 Dodging
 + Level 8.8 Invocations
 + Level 8.0 Evocations


You had 12 spell levels left.
You didn't know any spells.
Your spell library contained the following spells:

 Spells                   Type           Power        Failure   Level  Hunger
 Animate Skeleton         Necr           N/A          56%         1    ##.....
 Apportation              Tloc           #.....       56%         1    ##.....
 Beastly Appendage        Tmut           #.....       56%         1    ##.....
 Sandblast                Erth           #.....       56%         1    ##.....
 Shock                    Conj/Air       #...         56%         1    ##.....
 Summon Small Mammal      Summ           #...         56%         1    ##.....
 Sticks to Snakes         Tmut           #.......     71%         2    ###....
 Confusing Touch          Hex            #.......     89%         3    ####...
 Gell's Gravitas          Tloc           #.........   89%         3    ####...
 Spider Form              Tmut/Pois      #.........   89%         3    ####...
 Ice Form                 Ice/Tmut       #.......     99%         4    #####..
 Petrify                  Tmut/Erth      #.......     99%         4    #####..
 Blade Hands              Tmut           #.........   100%        5    ######.
 Metabolic Englaciation   Hex/Ice        #.........   100%        5    ######.
 Yara's Violent Unravell  Hex/Tmut       #.........   100%        5    ######.


Dungeon Overview and Level Annotations

Branches:
Dungeon (11/15)            Temple (1/1) D:5            Lair (4/6) D:11
  Swamp (0/4) Lair:4        Snake (0/4) Lair:3       Bailey (visited)
    Orc: D:9-12

Altars:
Fedhas
Ru
Yredelemnul

Shops:
D:10 [

Annotations:
D:10 3 runed translucent doors, Kaliet's ghost, novice MiFi; lllmatko's ghost, journeyman MiBe


Innate Abilities, Weirdness & Mutations

You revert to your normal form in water.
You are very nimble and swift while swimming.
You are very stealthy in the water. (Stealth+)
You possess an exceptional clarity of mind.
Armour fits poorly on your strangely shaped body.
Your spells are a little harder to cast, but a little more powerful.


Message History

Yredelemnul accepts your kill.
You have reached level 13!
The wolf closely misses you.
You closely miss the wolf. The porcupine completely misses you.
The wolf bites you but does no damage.
You miss the wolf. The wolf barely misses you. The porcupine bites you!
* * * LOW HITPOINT WARNING * * *
You hit the wolf. You burn the wolf.
The wolf is moderately wounded.
The wolf barely misses you.
The blink frog blinks!
The porcupine bites you!
* * * LOW HITPOINT WARNING * * *
The wolf closely misses you. The wolf bites you but does no damage.
You see here a wolf corpse.
The blink frog barely misses you. The wolf completely misses you.
The blink frog misses you. The wolf misses you.
The blink frog blinks!
The blink frog blinks!
The wolf completely misses you. The wolf bites you!
You die...
Your body rises from the dead as a mindless zombie.

####### ### ### #### ####
##.Z#.#####.###.#######..#####.##
ZZZZZ...Z....................ZZ..
#.ZPZZ..........@h......#..#.##Z.
####.......####..##r....#######..
## #........# ####..§..P####.##Z.
.# #........#######....###..##.Z.
.# #.......##Z..###†.....'...##ZZ
.###.........#...#...F..#.....#ZZ
..##.......###...#P....##...ZZWZ.
.#Z#........#..####....###+Z#.#..
###Z.>.....#.#+###.....###.####..


You could see a wolf and a porcupine.

Vanquished Creatures
  Snorg (D:10)
  Harold (D:10)
  A hydra (Lair:2)
  Erica (D:8)
  2 orc knights (Bailey)
  6 elephants (Lair:4)
  Maurice (D:10)
  A spiny frog (Lair:2)
  Psyche (D:11)
  3 komodo dragons
  2 trolls
  A polar bear (Lair:4)
  4 blink frogs
  A bog body (Lair:4)
  A hippogriff (Lair:3)
  9 yaks
  Sigmund (D:5)
  A water elemental (D:10)
  A steam dragon (Lair:2)
  Grum (D:11)
  4 vampire mosquitoes
  A naga (Lair:3)
  Duvessa (D:6)
  5 water moccasins
  3 ice beasts (D:9)
  5 porcupines
  7 orc warriors
  A black bear (Lair:2)
  2 necrophages
  8 wolves
  4 ogres
  5 phantoms
  6 centaurs
  6 crocodiles
  4 big kobolds
  Blork the orc (D:5)
  9 bullfrogs
  A wyvern zombie (D:6)
  A water moccasin skeleton (D:8)
  A wyvern skeleton (D:8)
  2 scorpions
  Dowan (D:6)
  3 killer bees
  An electric eel (D:11)
  A howler monkey (D:9)
  2 centaur zombies (D:6)
  4 bullfrog zombies
  3 quasits
  2 jellies
  A gnoll shaman (D:5)
  5 orc priests
  3 hounds
  2 iguanas
  5 orc wizards
  Terence (D:2)
  10 worker ants
  A hound zombie (D:8)
  A worker ant zombie (D:6)
  4 gnolls
  8 adders
  3 shadow imps
  An ooze (D:6)
  3 adder skeletons
  3 adder zombies
  A worm (D:2)
  5 dart slugs
  7 leopard geckos
  38 orcs
  6 bats
  4 giant cockroaches (D:5)
  7 goblins
  8 hobgoblins
  15 jackals
  5 quokkas
  A ball python (D:3)
  2 frilled lizards
  39 kobolds
  2 leopard gecko zombies (D:6)
  3 quokka zombies
  5 rats
333 creatures vanquished.

Vanquished Creatures (collateral kills)
  An ugly thing (D:11)
  An oklob plant (Lair:2)
  A black mamba (Lair:3)
  3 spiny frogs
  2 komodo dragons (Lair:2)
  A troll (D:11)
  2 blink frogs (Lair:1)
  2 hippogriffs
  5 yaks
  A basilisk (Lair:3)
  A naga (Lair:3)
  A porcupine (Lair:2)
  3 water moccasins
  4 wolves
  3 crocodiles
  A bullfrog (Lair:2)
  3 electric eels (D:11)
  A howler monkey (D:10)
  A crimson imp (D:10)
  4 hounds (D:11)
  A kobold (D:9)
  6 fungi (Lair:3)
  5 plants
53 creatures vanquished.

Vanquished Creatures (others)
  A hippogriff (D:9)
  4 flying skulls
  A wraith (Lair:4)
  A yak zombie (Lair:3)
  A wight (D:10)
  A crimson imp (D:8)
  2 bullfrog zombies (Lair:1)
  A human skeleton (D:10)
  A crocodile skeleton (Lair:3)
  A mummy (Lair:4)
  A gnoll zombie (Bailey)
  2 kobolds (D:9)
  2 kobold skeletons (D:10)
  3 kobold zombies
  2 orc zombies (D:9)
  3 fungi
  2 plants (Lair:4)
  5 withered plants (D:10)
34 creatures vanquished.

Grand Total: 420 creatures vanquished

Notes
Turn   | Place    | Note
-------+----------+-------------------------------------------
     0 | D:1      | Curus the Merfolk Gladiator began the quest for the Orb.
     0 | D:1      | Reached XP level 1. HP: 16/16 MP: 1/1
   106 | D:1      | Reached skill level 5 in Polearms
   189 | D:1      | Reached XP level 2. HP: 22/22 MP: 2/2
   421 | D:1      | You fall into a shaft and drop 1 floor!
   545 | D:2      | Reached XP level 3. HP: 14/27 MP: 3/3
  1026 | D:2      | Reached XP level 4. HP: 20/33 MP: 4/4
  1288 | D:2      | Noticed Terence
  1295 | D:2      | Killed Terence
  2502 | D:4      | Reached XP level 5. HP: 18/38 MP: 5/5
  2771 | D:3      | Reached XP level 6. HP: 7/44 MP: 6/6
  3072 | D:4      | Reached skill level 10 in Polearms
  3674 | D:4      | Reached XP level 7. HP: 43/50 MP: 7/7
  4033 | D:5      | Entered Level 5 of the Dungeon
  4068 | D:5      | Found a sacrificial altar of Ru.
  4204 | D:5      | Noticed Blork the orc
  4217 | D:5      | Killed Blork the orc
  4243 | D:5      | Found a staircase to the Ecumenical Temple.
  4252 | D:5      | Noticed Sigmund
  4261 | D:5      | Killed Sigmund
  4295 | Temple   | Entered the Ecumenical Temple
  4302 | Temple   | Became a worshipper of Yredelemnul the Dark
  4535 | D:5      | Reached XP level 8. HP: 39/56 MP: 8/8
  5423 | D:6      | Identified Xamusiaf's Beginning Course on Witchcraft
  5686 | D:6      | Reached * piety under Yredelemnul
  5788 | D:6      | Reached skill level 5 in Dodging
  5956 | D:6      | Noticed Dowan
  5963 | D:6      | Killed Dowan
  5964 | D:6      | Noticed Duvessa
  6002 | D:6      | Killed Duvessa
  6256 | D:6      | Found a sacrificial altar of Ru.
  6279 | D:6      | Reached XP level 9. HP: 40/66 MP: 9/9
  6719 | D:6      | Reached skill level 5 in Fighting
  7249 | D:7      | Reached ** piety under Yredelemnul
  8612 | D:8      | Got a smoking scale mail
  8896 | D:8      | Noticed Erica
  8939 | D:8      | Killed Erica
  8939 | D:8      | Reached skill level 10 in Dodging
  8939 | D:8      | Reached XP level 10. HP: 22/80 MP: 10/10
  9877 | D:8      | Identified the +4 scale mail of Eternity {*Corrode rElec
                  | Dex+7 Stlth+} (You found it on level 8 of the Dungeon)
 10036 | D:9      | Found a blossoming altar of Fedhas.
 10599 | D:10     | Entered Level 10 of the Dungeon
 10624 | D:10     | Reached *** piety under Yredelemnul
 10627 | D:10     | Noticed Maurice
 10635 | D:10     | Noticed Snorg
 10800 | D:10     | Found Suewy's Antique Armour Shoppe.
 10843 | D:10     | Received a gift from Yredelemnul (a wight)
 10903 | D:10     | Found a runed translucent gate.
 10904 | D:10     | Found a runed translucent gate.
 10905 | D:10     | Found a runed translucent gate.
 10907 | D:10     | Noticed lllmatko's ghost (journeyman MiBe)
 10909 | D:10     | Noticed Kaliet's ghost (novice MiFi)
 10918 | D:10     | Killed Snorg
 10918 | D:10     | Reached skill level 10 in Fighting
 10918 | D:10     | Reached XP level 11. HP: 40/92 MP: 11/11
 10983 | D:10     | Noticed Harold
 11002 | D:10     | Killed Harold
 11025 | D:10     | Killed Maurice
 11056 | D:10     | Gained mutation: Armour fits poorly on your strangely
                  | shaped body. [potion of mutation]
 11056 | D:10     | Gained mutation: You possess an exceptional clarity of
                  | mind. [potion of mutation]
 11056 | D:10     | Gained mutation: Your spells are a little harder to cast,
                  | but a little more powerful. [potion of mutation]
 11511 | D:11     | Noticed a green ugly thing
 11539 | D:10     | Your ally Maurice died
 11701 | D:11     | Noticed Psyche
 11722 | D:11     | Killed Psyche
 11785 | D:11     | Found a flagged portal.
 11793 | Bailey   | Entered a bailey
 11807 | Bailey   | Noticed an orc knight
 11816 | Bailey   | Noticed an orc knight
 11849 | Bailey   | Killed an orc knight
 11856 | Bailey   | Reached **** piety under Yredelemnul
 11877 | Bailey   | Killed an orc knight
 11912 | Bailey   | Received a gift from Yredelemnul (a mummy)
 11985 | Bailey   | Received a gift from Yredelemnul (4 flying skulls)
 12084 | Bailey   | Got a smoking spear
 12129 | Bailey   | Identified the +8 spear of Lust {holy, *Drain +Inv Str+4
                  | Stlth+} (You found it in a bailey)
 12171 | D:11     | Noticed Grum
 12188 | D:11     | Killed Grum
 12188 | D:11     | Killed a green ugly thing
 12419 | D:11     | Found a staircase to the Lair.
 12551 | Lair:1   | Entered Level 1 of the Lair of Beasts
 12585 | Lair:1   | Reached skill level 1 in Invocations
 12585 | Lair:1   | Reached skill level 1 in Evocations
 12935 | Lair:1   | Reached XP level 12. HP: 99/102 MP: 12/14
 12972 | Lair:1   | Reached ***** piety under Yredelemnul
 13492 | Lair:2   | Reached skill level 5 in Invocations
 13607 | Lair:2   | Noticed a four-headed hydra
 13615 | Lair:2   | Killed a four-headed hydra
 13681 | Lair:2   | Reached skill level 5 in Evocations
 14543 | Lair:3   | Got a slimy halberd
 14608 | Lair:3   | HP: 4/102 [black mamba (16)]
 15497 | Lair:3   | Found a staircase to the Snake Pit.
 15508 | Lair:3   | Received a gift from Yredelemnul (a wraith)
 15885 | Lair:4   | HP: 4/102 [elephant (6)]
 16313 | Lair:4   | Found a staircase to the Swamp.
 16348 | Lair:3   | Reached XP level 13. HP: 20/107 MP: 19/19
 16351 | Lair:3   | HP: 4/107 [porcupine (9)]
 16358 | Lair:3   | Slain by a wolf

Illustrated notes

Levels and vault maps discovered:
D:1:      minmay_arrival_three_doors, layout_basic, grunt_decor_one_mirror
D:2:      minmay_spotlight, layout_basic, minmay_pentomino_r2, uniq_terence
D:3:      layout_basic
D:4:      layout_loops_ring, amethyst_killhole, hangedman_decor_slide_cut
D:5:      layout_basic, minmay_temple_entry_trees, first_ration,
          nicolae_ru_great_annihilating_truth, uniq_blork_the_orc, uniq_sigmund
D:6:      layout_loops_ring, basic_altar, serial_undead, serial_undead_a,
          serial_undead_b, serial_undead_b, serial_undead_f, serial_undead_e,
          uniq_duvessa
D:7:      layout_basic
D:8:      layout_loops_corners, uniq_erica
D:9:      layout_basic, fedhas_bush_and_centaur_altar
D:10:     layout_loops_ring, serial_shops, kennysheep_mini,
          gammafunk_ghost_cemetery, uniq_harold, uniq_maurice, uniq_snorg
D:11:     layout_long_grid, erik_lair_island, enter_bailey_2, uniq_psyche,
          uniq_grum
Temple:   minmay_crystal_snake_temple
Lair:1:   layout_gridlike, serial_bayou_crossing, grunt_megastairs_4
Lair:2:   layout_layer_cave, dpeg_stationary_puzzle
Lair:3:   layout_regular_city, guppyfry_snake_entry_island
Lair:4:   layout_cellular_growth, skrybe_swamp_entry_bodies, beast_lair_carwin_8

Skill      XL: |  1  2  3  4  5  6  7  8  9 10 11 12 |
---------------+-------------------------------------+-----
Polearms       | 5 6 7 8 9 10 12 14 | 14.0
Fighting       | 4 8 10 11 | 11.9
Dodging        | 6 10 12 14 | 14.0
Invocations    | 3 8 |  8.8
Evocations     | 3 8 |  8.0
Throwing       | |  2.0

Action                   |  1- 3 |  4- 6 |  7- 9 | 10-12 | 13-15 || total
-------------------------+-------+-------+-------+-------+-------++-------
Melee: Trident           |    91 |   202 |   607 |  1078 |     3 ||  1981
       Tailslap          |       |       |       |     3 |       ||     3
Throw: Throwing net      |       |       |     1 |       |       ||     1
Invok: Animate Remains   |       |       |       |     3 |       ||     3
       Animate Dead      |       |       |       |    28 |       ||    28
       Recall Undead Sla |       |       |       |     1 |       ||     1
       Drain Life        |       |       |       |     1 |       ||     1
Evoke: Wand              |       |       |       |     6 |       ||     6
  Use: Scroll            |     3 |     3 |     6 |     9 |       ||    21
       Potion            |     1 |     5 |     7 |     4 |       ||    17
 Stab: Sleeping          |     2 |     3 |     4 |    10 |       ||    19
       Paralysed         |       |       |     1 |       |       ||     1
       Distracted        |       |       |     1 |    10 |       ||    11
       Held in net/web   |       |       |     1 |       |       ||     1
  Eat: Chunk             |       |     5 |    11 |    19 |       ||    35
       Ration            |       |     1 |     2 |     4 |       ||     7
Armor: Leather armour    |    21 |    43 |    90 |     2 |       ||   156
       Troll leather arm |       |       |       |   183 |     2 ||   185
Dodge: Dodged            |    46 |   119 |   266 |  1015 |    10 ||  1456
